 Dungeon Crawl Stone Soup version 0.30-a0-782-ge64f9170bb (webtiles) character file.

Game seed: 15334132633952938415

26 timneilson the Covered (level 3, -3/23 HPs)
             Began as a Gargoyle Fighter on Feb 18, 2023.
             Slain by Jessica
             ... wielding a +0 spectral club
              (7 damage)
             ... on level 2 of the Dungeon.
             The game lasted 00:01:27 (885 turns).

timneilson the Covered (Gargoyle Fighter)            Turns: 885, Time: 00:01:27

Health: -3/23      AC: 10    Str: 19    XL:     3   Next: 8%
Magic:  3/3        EV:  9    Int:  8    God:
Gold:   111        SH:  4    Dex: 11    Spells: 2/2 levels left

rFire   . . .      SeeInvis .    a - +0 long sword (heavy)
rCold   . . .      Faith    .    c - +0 buckler
rNeg    + . .      Spirit   .    b - +0 scale mail
rPois   ∞          Reflect  .    (no helmet)
rElec   +          Harm     .    (no cloak)
rCorr   .          Rampage  .    (no gloves)
Will    .....                    (no boots) Stlth
                                 (no amulet)
HPRegen 0.23/turn                (no ring)
MPRegen 0.08/turn                (no ring)

@: no status effects
A: sickness immunity, AC +3, negative energy resistance 1, electricity
resistance, torment resistance 1, petrification resistance
a: no special abilities


You were on level 2 of the Dungeon.
You visited 1 branch of the dungeon, and saw 2 of its levels.

You collected 111 gold pieces.

Inventory:

Hand Weapons
 a - a +0 heavy long sword (weapon)
Armour
 b - a +0 scale mail (worn)
 c - a +0 buckler (worn)
Jewellery
 g - a ring of flight
Wands
 i - a wand of polymorph (9)
Scrolls
 e - a scroll of butterflies
 h - a scroll of brand weapon
Potions
 d - a potion of might
 f - 3 potions of haste {unknown}
 j - a potion of berserk rage {unknown}
 k - a potion of flight {unknown}


   Skills:
 + Level 3.4 Fighting
 * Level 2.2 Long Blades
 * Level 3.7 Armour
 + Level 0.4 Dodging
 * Level 3.6 Shields


You had 2 spell levels left.
You didn't know any spells.
Your spell library contained the following spells:

 Spells                   Type           Power      Damage    Failure   Level
 Leda's Liquefaction      Hex/Erth       0%         N/A       100%        4
 Lee's Rapid Deconstruct  Erth           0%         3d4*      100%        5
 Statue Form              Tmut/Erth      Unusable   N/A       N/A         6

Dungeon Overview and Level Annotations

Branches:
Dungeon (2/15)

Altars:

Annotations:
D:2 Jessica


Innate Abilities, Weirdness & Mutations

You are immune to sickness and miasma.
Your stone body is resilient. (AC +3)
You are immune to poison.
You resist negative energy. (rN+)
You are resistant to electric shocks. (rElec)
You are resistant to unholy torment.
You are immune to petrification.


Message History

No target in view!
No target in view!
No target in view!
No target in view!
No target in view!
No target in view!
No target in view!
No target in view!
No target in view!
No target in view!
No target in view!
Things that are here:
a +0 club; a goblin corpse Jessica the Apprentice Sorceress comes into view.
She is wielding a +0 spectral club and wearing a +2 robe of fire resistance.
Jessica shouts!
Jessica points at you and mumbles some strange words.
Pain shoots through your body! Jessica hits you but does no damage.
You barely miss Jessica. Jessica closely misses you.
Jessica hits you but does no damage.
You barely miss Jessica. Jessica closely misses you.
Jessica looks very angry.
You block Jessica's attack.
You hit Jessica.
Jessica is moderately wounded.
Jessica casts a spell.
Jessica blinks!
Jessica hits you with a +0 spectral club.
Jessica attacks as you move away!
Jessica hits you with a +0 spectral club.
Jessica points at you and mumbles some strange words.
You barely resist.
Jessica hits you with a +0 spectral club.
You closely miss Jessica.
Jessica is moderately wounded.
Jessica casts a spell at you. Pain shoots through your body!
* * * LOW HITPOINT WARNING * * *
Jessica hits you with a +0 spectral club!
You die...

############
#......@@..#
#.########.#
#.# ###.###
## #.....#
#.
###.#.#)###
#.
#.........#
#.
#.#.#.#.#.#
#.
#.#.....#.##
#.


You could see Jessica.

Vanquished Creatures
  A dart slug (D:1)
  5 endoplasms (D:1)
  4 goblins
  A hobgoblin (D:1)
  2 kobolds (D:1)
  A quokka (D:1)
  2 ball pythons (D:1)
  4 bats (D:1)
  A frilled lizard (D:1)
  A rat (D:1)
22 creatures vanquished.

Notes
Turn   | Place    | Note
-------+----------+-------------------------------------------
     0 | D:1      | timneilson the Gargoyle Fighter began the quest for the
                  | Orb.
     0 | D:1      | Reached XP level 1. HP: 14/14 MP: 1/1
   162 | D:1      | Reached XP level 2. HP: 18/19 MP: 2/2
   429 | D:1      | Reached XP level 3. HP: 23/23 MP: 3/3
   876 | D:2      | Noticed Jessica
   885 | D:2      | Slain by Jessica

Illustrated notes

Levels and vault maps discovered:
D:1:      saegor_arrival_simple_b, layout_loops_ring, minmay_pentomino_r4
D:2:      layout_loops_ring, minivault_27, uniq_jessica

Skill      XL: |  1  2 |
---------------+-------+-----
Long Blades    | 2 |  2.2
Fighting       | |  3.4
Armour         | |  3.7
Dodging        | |  0.4
Shields        | |  3.6

Action                     || total
---------------------------++-------
  Melee: Long sword        ||    82
    Use: Scroll            ||     5
 Armour: Scale mail        ||    50
  Dodge: Dodged            ||    27
  Block: Buckler           ||    15

Table legend: (Time is in decaauts)
 A = Elapsed time spent in this place.
 B = Non-inter-level travel time spent in this place.
 C = Inter-level travel time spent in this place.
 D = Time resting spent in this place.
 E = Time spent auto-exploring this place.
 F = Levels seen in this place.
 G = Mean time per level.
                   A        B        C        D        E       F      G
               +--------+--------+--------+--------+--------+-----+--------+
         Total |    914 |    884 |     30 |      0 |    688 |   2 |  457.0 |
       Dungeon |    914 |    884 |     30 |      0 |    688 |   2 |  457.0 |
               +--------+--------+--------+--------+--------+-----+--------+

Top non-repeatable levels by time:
     D:1: 764 daAuts
     D:2: 150 daAuts
